 Dungeon Crawl Stone Soup version 0.20-a0-345-gbfb25ec (webtiles) character file.

1556 tsouns the Covert (level 8, -2/40 HPs)
             Began as a Spriggan Artificer on Dec 22, 2016.
             Was a Follower of Uskayaw.
             Slain by a spriggan baker
             ... wielding a +0 dagger
              (14 damage)
             ... on level 6 of the Dungeon.
             The game lasted 00:22:32 (7255 turns).

tsouns the Covert (Spriggan Artificer)              Turns: 7255, Time: 00:22:33

Health: -2/40      AC:  2    Str: 10    XL:     8   Next: 58%
Magic:  14/14      EV: 20    Int: 12    God:    Uskayaw [*.....]
Gold:   318        SH:  0    Dex: 17    Spells: 11/14 levels left

rFire  . . .     SeeInvis +     s - +3 short sword (speed)
rCold  . . .     Gourm    .     b - +0 robe
rNeg   . . .     Faith    .     (shield restricted)
rPois  +         Spirit   .     (helmet restricted)
rElec  .         Reflect  .     (no cloak)
rCorr  .         Harm     .     (gloves unavailable)
MR     +....                    (boots unavailable)
Stlth  +++++.....               (no amulet)
                                v - ring of stealth
                                r - ring of poison resistance

@: about to teleport, very quick
A: unfitting armour, see invisible, herbivore 3, speed 3, slow metabolism 2
a: Stomp, Renounce Religion


You were on level 6 of the Dungeon.
You worshipped Uskayaw.
Uskayaw was noncommittal.
You were not hungry.

You visited 1 branch of the dungeon, and saw 7 of its levels.

You collected 318 gold pieces.

Inventory:

Hand Weapons
 e - a +2 rapier of holy wrath
 j - a +3 dagger
 s - a +3 short sword of speed (weapon)
Missiles
 g - 178 stones (quivered)
 t - 13 tomahawks
Armour
 b - a +0 robe (worn)
Jewellery
 r - a ring of poison resistance (left hand)
 v - a ring of stealth (right hand)
Wands
 c - a wand of flame (7/48)
 d - a wand of enslavement (10/24)
Scrolls
 l - 3 scrolls of remove curse
Potions
 h - 2 potions of agility {unknown}
 m - 2 potions of degeneration
 n - a potion of invisibility {unknown}
 p - 2 potions of flight {unknown}
 q - 2 potions of lignification {unknown}
 u - a potion of cancellation {unknown}
 w - a potion of brilliance {unknown}
Books
 k - a book of Misfortune

   Spells                             Type                      Level
   a - Confusing Touch                Hexes                        1
   b - Confuse                        Hexes                        3
   c - Gell's Gravitas                Hexes/Translocation          3
   d - Petrify                        Transmutation/Earth          4
   e - Metabolic Englaciation         Hexes/Ice                    5
   f - Yara's Violent Unravelling     Hexes/Transmutation          5
 y - a book of Frost

   Spells                             Type                      Level
   a - Freeze                         Ice                          1
   b - Throw Frost                    Conjuration/Ice              2
   c - Ozocubu's Armour               Charms/Ice                   3
   d - Throw Icicle                   Conjuration/Ice              4
   e - Summon Ice Beast               Ice/Summoning                4
Comestibles
 f - 3 bread rations
 i - 7 fruits
 x - a royal jelly


   Skills:
 - Level 3.1 Fighting
 + Level 6.5 Short Blades
 - Level 4.4 Dodging
 + Level 9.4 Stealth
 - Level 3.7 Spellcasting
 + Level 4.0 Hexes
 - Level 4.0 Evocations


You had 11 spell levels left.
You knew the following spells:

 Your Spells              Type           Power        Failure   Level  Hunger
a - Confuse               Hex            ##......     14%         3    ###....


Dungeon Overview and Level Annotations

Branches:
Dungeon (7/15)             Temple (0/1) D:4

Altars:
Ashenzari
Gozag
Ru
Sif Muna
Uskayaw

Annotations:
D:5 Graouh's ghost, novice MiFi


Innate Abilities, Weirdness & Mutations

You are very small and have problems with some larger weapons.
You are too small for most types of armour.
You have supernaturally acute eyesight. (SInv)
You are a herbivore.
You cover ground extremely quickly.
You need consume almost no food.


Message History

There is a stone staircase leading down here.
There is a stone staircase leading down here.
As you read the scroll of teleportation, it crumbles to dust.
You feel strangely unstable. The spriggan baker closely misses you.
The howler monkey howls!
The howler monkey hoots and howls with incredible vigour!
You hear an angry hiss.
Casting: Confuse
Confirm with . or Enter, or press ? or * to list all spells.
Okay, then.
Evoke which item? (* to show all) (? for menu, Esc to quit)
Zapping:
c - a wand of flame (8/48)
Press: ? - help, Shift-Dir - straight line, f/p - spriggan baker
Aim: a spriggan baker, wielding a dagger and wearing a robe (moderately wounded)
The puff of flame hits the spriggan baker.
The spriggan baker is heavily wounded.
This wand has 7 charges left.
The howler monkey hoots and howls with incredible vigour!
The spriggan baker hits you with a dagger!
You die...

### #.####......##
#.#######
#.......#.....
#.......#
#####...######
#######.#
#####..#....<#
#.....#
#.>....#.###.#
#.###.#
#†.h...#.#...#
#.###>#
#........#.###
#....#####......###.#
# ####.#@..#####'##
#.### #.#.ih......#
#.... #.###.#######
##### ####### #..i..#
#.. #.....#
########## ####..
#.###.# #...# #....#
#.# #.# #.#.# #.##..
#.# #.#########.#.#
#.#### #.#
#.........#.#.#
#.....


You could see a spriggan baker and a howler monkey.

Vanquished Creatures
  2 orc warriors (D:6)
  A sky beast (D:6)
  An ice beast (D:6)
  A necrophage (D:6)
  2 ogres (D:5)
  2 centaurs (D:6)
  A bullfrog (D:5)
  A scorpion (D:4)
  A crimson imp (D:6)
  4 howler monkeys
  A centaur zombie (D:6)
  3 hounds (D:4)
  An orc priest (D:3)
  Natasha (thrice) (D:4)
  4 orc wizards
  A hound skeleton (D:3)
  2 adders (D:3)
  A shadow imp (D:6)
  2 oozes
  An adder skeleton (D:5)
  A worm (D:6)
  A dart slug (D:4)
  8 leopard geckos
  21 orcs
  A ball python (D:4)
  6 giant cockroaches
  11 goblins
  7 hobgoblins
  4 quokkas
  3 bats
  5 frilled lizards
  11 kobolds
  A quokka skeleton (D:4)
  5 rats
120 creatures vanquished.

Vanquished Creatures (collateral kills)
  An orc wizard (D:6)
  3 orcs
4 creatures vanquished.

Vanquished Creatures (others)
  An orc priest (D:3)
1 creature vanquished.

Grand Total: 125 creatures vanquished

Notes
Turn   | Place    | Note
-------+----------+-------------------------------------------
     0 | D:1      | tsouns the Spriggan Artificer began the quest for the Orb.
     0 | D:1      | Reached XP level 1. HP: 9/9 MP: 4/4
   254 | D:1      | Reached skill level 1 in Fighting
   386 | D:1      | Reached skill level 2 in Stealth
   386 | D:1      | Reached XP level 2. HP: 11/14 MP: 6/6
   837 | D:1      | Reached skill level 3 in Stealth
  1023 | D:1      | Reached XP level 3. HP: 5/18 MP: 7/7
  1547 | D:2      | Found an opulent altar of Gozag.
  1688 | D:2      | Found a sacrificial altar of Ru.
  2368 | D:2      | Found a hide-covered altar of Uskayaw.
  2636 | D:2      | You fall through a shaft for 2 floors!
  2643 | D:4      | Noticed Natasha
  2661 | D:3      | Reached skill level 4 in Stealth
  2661 | D:3      | Reached XP level 4. HP: 19/22 MP: 8/8
  2906 | D:3      | Found a shattered altar of Ashenzari.
  3448 | D:2      | Became a worshipper of Uskayaw the Reveler
  3560 | D:4      | Reached skill level 5 in Stealth
  3560 | D:4      | Reached XP level 5. HP: 26/26 MP: 9/9
  3560 | D:4      | Reached * piety under Uskayaw
  3581 | D:4      | Reached ** piety under Uskayaw
  3583 | D:4      | Reached *** piety under Uskayaw
  3584 | D:4      | Killed Natasha
  3589 | D:4      | Reached **** piety under Uskayaw
  3602 | D:4      | Reached ***** piety under Uskayaw
  3956 | D:4      | Reached skill level 6 in Stealth
  3956 | D:4      | Reached XP level 6. HP: 27/32 MP: 10/10
  4023 | D:4      | Noticed Natasha
  4035 | D:4      | Killed Natasha
  4134 | D:4      | Noticed Natasha
  4138 | D:4      | Killed Natasha
  4446 | D:4      | Found a staircase to the Ecumenical Temple.
  5123 | D:5      | Entered Level 5 of the Dungeon
  5221 | D:5      | Reached skill level 7 in Stealth
  5221 | D:5      | Reached XP level 7. HP: 36/36 MP: 11/11
  5265 | D:5      | Identified a scroll of acquirement
  5370 | D:5      | Noticed Graouh's ghost (novice MiFi)
  5732 | D:5      | Learned a level 3 spell: Confuse
  5748 | D:5      | Reached skill level 5 in Short Blades
  5794 | D:5      | Reached skill level 1 in Hexes
  6118 | D:6      | Reached skill level 1 in Spellcasting
  6203 | D:6      | Reached skill level 8 in Stealth
  6290 | D:6      | Reached XP level 8. HP: 35/40 MP: 12/12
  6390 | D:6      | Found a deep blue altar of Sif Muna.
  6833 | D:6      | Reached skill level 9 in Stealth
  7192 | D:7      | Noticed a hippogriff
  7255 | D:6      | Slain by a spriggan baker

Vault maps used:
D:1:      dpeg_arrival_water_temple_mockup, minmay_heptomino_h4
D:2:      nicolae_overflow_crystal_walls, nicolae_overflow_hidden_temple,
          nicolae_gozag_cash_rules_everything_around_me,
          minmay_item_behind_shaft
D:3:      ashenzari_conservatory_becter
D:4:      portal_sewer_entry_f, uniq_natasha
D:5:      first_bread
D:6:      kb_lookout_dungeons_type, led_sif_pool
D:7:      kennysheep_mini, the_bakery

Skill      XL: |  1  2  3  4  5  6  7  8 |
---------------+-------------------------+-----
Fighting       | 1 2 3 |  3.1
Stealth        | 2 3 4 5 6 7 8 9 |  9.4
Short Blades   | 2 3 4 5 6 |  6.5
Dodging        | 4 |  4.4
Hexes          | 2 4 |  4.0
Spellcasting   | 2 3 |  3.7
Evocations     | |  4.0

Action                   |  1- 3 |  4- 6 |  7- 9 || total
-------------------------+-------+-------+-------++-------
Melee: Short sword       |    79 |   140 |   169 ||   388
       Dagger            |    67 |     4 |       ||    71
Throw: Stone             |     1 |     5 |       ||     6
 Cast: Confuse           |       |       |     8 ||     8
Evoke: Wand              |    10 |    19 |    17 ||    46
  Use: Scroll            |     2 |     5 |     4 ||    11
       Potion            |       |       |     2 ||     2
 Stab: Sleeping          |     7 |     5 |     5 ||    17
       Distracted        |     1 |     2 |     2 ||     5
       Confused          |     1 |       |     1 ||     2
       Paralysed         |       |     5 |     4 ||     9
  Eat: Pizza             |       |     1 |     1 ||     2
       Bread ration      |       |       |     1 ||     1
Armor: Robe              |    12 |     6 |     2 ||    20
Dodge: Dodged            |   102 |    55 |    71 ||   228
